 Dungeon Crawl Stone Soup version 0.17-a0-1625-g47e540b (webtiles) character file.

92488 nuthulu the Warrior (level 16, -24/114 HPs)
             Began as a Gargoyle Fighter on July 28, 2015.
             Was the Champion of Okawaru.
             Annihilated by an enormous slime creature (54 damage)
             ... on level 13 of the Dungeon on Aug 2, 2015.
             The game lasted 01:31:07 (28124 turns).

nuthulu the Warrior (Gargoyle Fighter)             Turns: 28124, Time: 01:31:07

Health: -24/114    AC: 43    Str: 24    XL:     16   Next: 6%
Magic:  23/25      EV: 11    Int: 11    God:    Okawaru [******]
Gold:   1475       SH: 16    Dex: 22    Spells: 0 memorised, 15 levels left

rFire  + . .     SeeInvis +     h - +10 morningstar of the Wasp {vamp, Dex+4}
rCold  + . .     Clarity  .     B - +0 plate armour
rNeg   + + .     SustAt   .     c - +0 shield
rPois  ∞         Gourm    .     d - +2 helmet
rElec  +         Spirit   .     H - +1 cloak
rCorr  +         Warding  .     g - +2 pair of gloves
rMut   .         Stasis   .     T - +2 pair of boots of the Barracuda {rC+ Dex+5 Slay-3}
MR     +....                    Q - amulet of resist corrosion
Stlth  ..........               N - ring "Efaclyz" {rF+ rN+ Str+3 SInv}
                                G - ring "Aress" {MP+9 Slay+4}

@: heroism, flying, somewhat resistant to hostile enchantments, extremely
unstealthy
A: big wings, molten scales 1, negative energy resistance 1, electricity
resistance, wild magic 1, unbreathing, petrification resistance, rot immunity,
AC +11
a: Stop Flying, Heroism, Finesse, Renounce Religion


You were on level 13 of the Dungeon.
You worshipped Okawaru.
Okawaru was exalted by your worship.
You were hungry.

You visited 2 branches of the dungeon, and saw 21 of its levels.
You also visited: Labyrinth.

You collected 1715 gold pieces.
You spent 240 gold pieces at shops.

Inventory:

Hand weapons
 f - a +4 demon whip of electrocution
 h - the +10 morningstar of the Wasp (weapon) {vamp, Dex+4}
   (Okawaru gifted it to you on level 8 of the Lair of Beasts)

   It inflicts no extra harm, but heals its wielder somewhat when it strikes a
   living foe.
   It affects your dexterity (+4).
 Z - a +0 eveningstar of freezing
Missiles
 a - 3 throwing nets (quivered)
Armour
 c - a +0 shield (worn)
 d - a +2 helmet (worn)
 g - a +2 pair of gloves (worn)
 B - a +0 plate armour (worn)
 H - a +1 cloak (worn)
 L - the +2 hat of the Three Hells {*Confuse rPois rN++ Int+3}
   (Okawaru gifted it to you on level 8 of the Lair of Beasts)

   It affects your intelligence (+3).
   It protects you from poison.
   It greatly protects you from negative energy.
   It may confuse you when you take damage.
 P - the +1 hat "Sire" {rCorr}
   (Okawaru gifted it to you on level 3 of the Lair of Beasts)

   It protects you from acid and corrosion.
 T - the +2 pair of boots of the Barracuda (worn) {rC+ Dex+5 Slay-3}
   (You found it in a labyrinth)

   It affects your dexterity (+5).
   It affects your accuracy and damage with ranged weapons and melee attacks
   (-3).
   It protects you from cold.
Jewellery
 E - a +4 ring of evasion
 F - the ring "Cakhleo" {+Fly rF+ rN++ Str-4}
   (You found it on level 9 of the Dungeon)

   [ring of flight]

   It affects your strength (-4).
   It protects you from fire.
   It greatly protects you from negative energy.
   It lets you fly.
 G - the ring "Aress" (left hand) {MP+9 Slay+4}
   (You found it on level 10 of the Dungeon)

   [ring of magical power]

   It affects your accuracy and damage with ranged weapons and melee attacks
   (+4).
   It affects your magic capacity (+9).
 I - a +5 ring of dexterity
 K - an uncursed amulet of resist mutation
 N - the ring "Efaclyz" (right hand) {rF+ rN+ Str+3 SInv}
   (You found it in a labyrinth)

   [ring of see invisible]

   It affects your strength (+3).
   It protects you from fire.
   It protects you from negative energy.
   It lets you see invisible.
 O - an uncursed ring of protection from fire
 Q - an amulet of resist corrosion (around neck)
 X - the ring of Paxu {Str+3 Stlth+}
   (You found it on level 8 of the Lair of Beasts)

   [ring of stealth]

   It affects your strength (+3).
   It makes you more stealthy.
Magical devices
 b - a wand of heal wounds (7)
 i - a wand of digging (8)
 k - a wand of draining (7)
 y - a wand of slowing (48)
 z - a wand of hasting (3)
 A - a wand of teleportation (6)
 C - a wand of fire (7)
 D - a wand of fire (3)
 U - a wand of paralysis (15)
 W - a wand of disintegration (13)
 Y - a wand of fire (0)
Scrolls
 j - 14 scrolls of teleportation
 r - 22 scrolls of remove curse
 t - a scroll of recharging
 M - a scroll of fog
 S - 3 scrolls of identify
 V - 6 scrolls of magic mapping
Potions
 m - 6 potions of brilliance
 n - 3 potions of cure mutation
 o - a potion of agility
 s - 2 potions of invisibility
 u - 4 potions of haste
 w - 2 potions of cancellation
 J - 3 potions of might
 R - 5 potions of curing
Comestibles
 e - 8 bread rations
 l - 7 meat rations
 p - 4 slices of pizza
 q - 8 beef jerkies
 v - 8 royal jellies
 x - 25 fruits


   Skills:
 - Level 18.2(23.2) Fighting
 - Level 16.8(21.8) Maces & Flails
 + Level 11.1(16.1) Armour
 + Level 11.2(16.2) Shields


You had 15 spell levels left.
You didn't know any spells.

Dungeon Overview and Level Annotations

Branches:
Dungeon (13/15)            Temple (0/1) D:7            Lair (8/8) D:9
  Swamp (0/4) Lair:4       Spider (0/4) Lair:4        Slime (0/6) Lair:6
    Orc (0/4) D:11
 Vaults: D:13-14

Altars:
Elyvilon
Fedhas
Makhleb
Okawaru
Qazlal
Ru
Xom
Zin
Jiyva

Shops:
D:9 [?[

Annotations:
Lair:1 exclusion: oklob plant


Innate Abilities, Weirdness & Mutations

You are resistant to torment.
Your stone body is resilient (AC +11).
You are immune to poison.
Your large and strong wings let you fly indefinitely.
You resist negative energy.
You are resistant to electric shocks.
You can survive without breathing.
You are immune to petrification.
You are immune to rotting.
You are partially covered in molten scales (AC +1).
Your spells are a little harder to cast, but a little more powerful.


Message History

Press: ? - help, Shift-Dir - straight line, f - you You feel much better.
This wand has 7 charges left.
You block the enormous slime creature's attack.
You puncture the enormous slime creature!
The enormous slime creature is severely wounded.
You block the enormous slime creature's attack.
You sock the enormous slime creature!
The enormous slime creature is severely wounded.
You block the enormous slime creature's attack.
You sock the enormous slime creature!
The enormous slime creature is severely wounded.
The enormous slime creature hits you!!
* * * LOW HITPOINT WARNING * * *
You hit the enormous slime creature.
You feel better.
The enormous slime creature is severely wounded.
Use which ability? (? or * to list)
You gain the combat prowess of a mighty hero.
You are feeling hungry.
The enormous slime creature hits you!!!
You die...

#.....###.._.....
#.....# #........
#...(.# #........
##.##...(.# ######...
........(.# #...
.#.###..))# ####
#.###.[..###########
#..>................
###@####............ #J#
#.......####.
..........##....... #.
....J.....#######.#####.
............ .......
..........### #.#####.
..........# #.# #.
###.####### ##.###### #.
######.#.#.#.#


You could see an enormous slime creature.

Vanquished Creatures
  Rupert (Lair:5)
  The ghost of lis82 the Eclecticist, a powerful DEWz of Sif Muna (Lair:7)
  A minotaur (Lab)
  The ghost of Raurakos the Carver, a powerful FoAK of Lugonu (Lair:3)
  Josephine (Lair:7)
  The ghost of kroki the Severer, a powerful MiBe of Trog (D:10)
  Harold (D:12)
  9 hydras
  A catoblepas (Lair:3)
  6 death yaks
  Sonja (Lair:4)
  An ice devil (Lair:6)
  A fire crab (Lair:7)
  A hill giant (D:10)
  An ice statue (Lair:6)
  A lindwurm (Lair:6)
  A necromancer (Lair:8)
  A manticore (D:12)
  An ugly thing (D:11)
  4 griffons
  2 cyclopes
  27 elephants
  The ghost of asdu the Basher, an experienced NaBe of Trog (D:11)
  2 torpor snails
  7 black mambas
  17 spiny frogs
  3 centaur skeletons
  2 gargoyles
  10 komodo dragons
  3 yaktaurs (D:11)
  7 fire drakes
  3 trolls
  A minotaur skeleton (Lab)
  11 polar bears
  2 two-headed ogres
  2 raiju (Lair:8)
  11 blink frogs
  69 yaks
  A spriggan (D:8)
  A tarantella (Lair:4)
  3 deep elf magi
  A trapdoor spider (Lab)
  4 wraiths
  A wyvern (D:8)
  5 basilisks
  A vampire (D:12)
  12 hungry ghosts
  45 wolves
  13 hippogriffs
  3 hell hounds (Lair:8)
  A soldier ant (D:12)
  A steam dragon (Lair:7)
  9 wargs
  6 swamp worms (Lair:4)
  9 porcupines
  9 orc warriors
  14 black bears
  19 water moccasins
  11 ice beasts
  2 sky beasts
  A necrophage (D:8)
  3 phantoms
  20 crocodiles
  7 ogres
  2 centaurs
  3 big kobolds
  An earth elemental (Lab)
  18 giant frogs
  2 wyvern zombies
  A gnoll sergeant (D:13)
  9 killer bees
  4 scorpions
  9 wights
  4 crimson imps
  A wasp zombie (D:9)
  9 electric eels
  A giant frog zombie (D:13)
  21 hounds
  15 orc wizards
  10 orc priests
  5 jellies
  8 iguanas
  9 worker ants
  Jessica (D:3)
  3 giant frog skeletons
  3 wolf simulacra (Lair:8)
  3 yak simulacra (Lair:8)
  26 sheep
  A killer bee zombie (D:7)
  5 polar bear simulacra (Lair:8)
  2 hound skeletons (D:8)
  11 gnolls
  9 adders
  111 river rats
  A white imp (Lair:6)
  An ooze (D:1)
  An adder zombie (D:5)
  3 worms
  7 giant geckos
  68 orcs
  16 bats
  A bat zombie (D:8)
  5 giant cockroaches
  11 goblins
  18 hobgoblins
  14 jackals
  19 kobolds
  4 quokkas
  4 ball pythons
  A ball python skeleton (D:4)
  5 giant newts
  A quokka skeleton (D:8)
  24 rats
  6 fungi
935 creatures vanquished.

Vanquished Creatures (others)
  A killer bee (D:11)
  31 fungi
  24 plants
56 creatures vanquished.

Grand Total: 991 creatures vanquished

Notes
Turn   | Place    | Note
--------------------------------------------------------------
     0 | D:1      | nuthulu the Gargoyle Fighter began the quest for the Orb.
     0 | D:1      | Reached XP level 1. HP: 14/14 MP: 1/1
    88 | D:1      | Reached XP level 2. HP: 18/20 MP: 2/2
   202 | D:1      | Reached skill level 4 in Fighting
   202 | D:1      | Reached XP level 3. HP: 20/24 MP: 3/3
  1060 | D:2      | Reached XP level 4. HP: 23/30 MP: 4/4
  1809 | D:3      | Noticed Jessica
  1823 | D:3      | Killed Jessica
  1823 | D:3      | Reached XP level 5. HP: 24/34 MP: 5/5
  1972 | D:3      | Reached skill level 5 in Fighting
  2918 | D:4      | Reached XP level 6. HP: 30/40 MP: 6/6
  3138 | D:4      | Found an iron altar of Okawaru.
  3142 | D:4      | Found a burning altar of Makhleb.
  3142 | D:4      | Found a white marble altar of Elyvilon.
  3146 | D:4      | Became a worshipper of Warmaster Okawaru
  3196 | D:4      | Noticed an ogre
  3213 | D:4      | Killed an ogre
  3213 | D:4      | Reached skill level 6 in Fighting
  3213 | D:4      | Reached skill level 5 in Maces & Flails
  3239 | D:4      | Noticed an ogre
  3257 | D:4      | Killed an ogre
  3257 | D:4      | Reached XP level 7. HP: 39/47 MP: 7/7
  3554 | D:5      | Entered Level 5 of the Dungeon
  3708 | D:5      | You fall through a shaft for 2 floors!
  3875 | D:6      | Acquired Okawaru's first power
  3901 | D:6      | Reached skill level 7 in Fighting
  4485 | D:5      | Reached XP level 8. HP: 53/53 MP: 8/8
  5259 | D:6      | Found an iron altar of Okawaru.
  5322 | D:6      | Reached skill level 8 in Fighting
  5670 | D:7      | Found a stormy altar of Qazlal.
  6081 | D:7      | Reached skill level 9 in Fighting
  6207 | D:7      | Reached XP level 9. HP: 60/60 MP: 9/9
  6233 | D:7      | Found a blossoming altar of Fedhas.
  6310 | D:7      | Found a staircase to the Ecumenical Temple.
  6909 | D:8      | Reached skill level 10 in Fighting
  7778 | D:8      | Reached skill level 11 in Fighting
  7778 | D:8      | Reached XP level 10. HP: 51/69 MP: 7/10
  7794 | D:8      | Reached skill level 10 in Maces & Flails
  8544 | D:9      | Found Zatekly's Antique Armour Boutique.
  9071 | D:9      | Bought a shiny helmet for 135 gold pieces
  9141 | D:9      | Found a glowing silver altar of Zin.
  9262 | D:9      | Found Yckolu Wofa's Antique Armour Emporium.
  9287 | D:9      | Got a slimy marble ring
  9289 | D:9      | Identified the ring "Cakhleo" {+Fly rF+ rN++ Str-4} (You found it on level 9 of the Dungeon)
  9293 | D:9      | Found a sacrificial altar of Ru.
  9313 | D:9      | Found Jahuzewu's Magic Scroll Boutique.
  9317 | D:9      | Bought a scroll of enchant armour for 105 gold pieces
  9357 | D:9      | Reached skill level 12 in Fighting
  9622 | D:9      | Found a staircase to the Lair.
  9813 | D:9      | Acquired Okawaru's second power
 10055 | D:10     | Entered Level 10 of the Dungeon
 10118 | D:10     | Noticed kroki's ghost (powerful MiBe)
 10180 | D:10     | Killed kroki's ghost
 10180 | D:10     | Reached XP level 11. HP: 25/77 MP: 1/11
 10198 | D:9      | Reached skill level 13 in Fighting
 10437 | D:10     | Found a shimmering altar of Xom.
 10442 | D:10     | Got a clouded silver ring
 10443 | D:10     | Identified the ring "Aress" {MP+9 Slay+4} (You found it on level 10 of the Dungeon)
 10457 | D:10     | Noticed a hill giant
 10479 | D:10     | Killed a hill giant
 10541 | D:10     | Found a shimmering altar of Xom.
 10542 | D:10     | Found a shimmering altar of Xom.
 10542 | D:10     | Found a shimmering altar of Xom.
 10622 | D:10     | Found a shimmering altar of Xom.
 10623 | D:10     | Found a shimmering altar of Xom.
 10623 | D:10     | Found a shimmering altar of Xom.
 10665 | D:10     | Noticed a harpy
 10666 | D:10     | a harpy changed into a basilisk
 10781 | Lair:1   | Entered Level 1 of the Lair of Beasts
 10806 | Lair:1   | Found a labyrinth entrance.
 10815 | Lab      | Entered a labyrinth
 12622 | Lab      | Noticed a minotaur
 12630 | Lab      | Killed a minotaur
 12630 | Lab      | Received a gift from Okawaru
 12630 | Lab      | Reached skill level 14 in Fighting
 12633 | Lab      | Got a faintly humming hat {god gift}
 12644 | Lab      | Identified the +1 hat "Onneetun" {Dex+7 Slay-4} (Okawaru gifted it to you in a labyrinth)
 12658 | Lab      | Got a twitching steel ring
 12659 | Lab      | Got a pair of slimy boots
 12670 | Lab      | Identified the +2 pair of boots of the Barracuda {rC+ Dex+5 Slay-3} (You found it in a labyrinth)
 12671 | Lab      | Identified the ring "Efaclyz" {rF+ rN+ Str+3 SInv} (You found it in a labyrinth)
 12682 | Lab      | Got an ancient chain mail
 12683 | Lab      | Identified the +6 chain mail "Aluorch" {rN+ Dex+2 SInv} (You found it in a labyrinth)
 13273 | Lair:1   | Reached XP level 12. HP: 80/86 MP: 12/12
 13370 | Lair:1   | Noticed a seven-headed hydra
 13383 | Lair:1   | Killed a seven-headed hydra
 14586 | Lair:2   | Reached skill level 15 in Fighting
 15327 | Lair:3   | Noticed an eight-headed hydra
 15337 | Lair:3   | Killed an eight-headed hydra
 15345 | Lair:3   | Gained mutation: You evolve. [potion of beneficial mutation]
 15422 | Lair:3   | Received a gift from Okawaru
 15425 | Lair:3   | Got a spiked hat {god gift}
 15436 | Lair:3   | Identified the +1 hat "Sire" {rCorr} (Okawaru gifted it to you on level 3 of the Lair of Beasts)
 15660 | Lair:3   | Noticed Raurakos's ghost (powerful FoAK)
 15704 | Lair:3   | Killed Raurakos's ghost
 16637 | Lair:3   | Upgraded the game from 0.17-a0-1583-g2df49ec to 0.17-a0-1625-g47e540b
 16679 | Lair:3   | Noticed a catoblepas
 16695 | Lair:3   | Killed a catoblepas
 16695 | Lair:3   | Reached skill level 16 in Fighting
 16724 | Lair:3   | Reached XP level 13. HP: 90/93 MP: 13/13
 16876 | Lair:4   | Noticed Sonja
 16879 | Lair:4   | Killed Sonja
 17403 | Lair:4   | Reached skill level 15 in Maces & Flails
 17712 | Lair:4   | Found a hole to the Spider Nest.
 17760 | Lair:4   | Received a gift from Okawaru
 18109 | Lair:4   | Found a staircase to the Swamp.
 19201 | Lair:5   | Noticed Rupert
 19220 | Lair:5   | Killed Rupert
 19220 | Lair:5   | Reached skill level 17 in Fighting
 19474 | Lair:5   | Received a gift from Okawaru
 19859 | Lair:5   | Gained mutation: Your large and strong wings let you fly indefinitely. [Gargoyle growth]
 19859 | Lair:5   | Reached XP level 14. HP: 94/102 MP: 14/14
 19897 | Lair:5   | Gained mutation: You are partially covered in molten scales (AC +1). [evolution]
 20178 | Lair:6   | Received a gift from Okawaru
 20208 | Lair:6   | Got a scorched hat {god gift}
 20219 | Lair:6   | Identified the +1 hat of the Blacksmith {MP+9} (Okawaru gifted it to you on level 6 of the Lair of Beasts)
 20963 | Lair:6   | Reached skill level 18 in Fighting
 21658 | Lair:6   | Found a viscous altar of Jiyva.
 21658 | Lair:6   | Found a staircase to the Slime Pits.
 22282 | Lair:7   | Reached skill level 5 in Armour
 22327 | Lair:7   | Reached skill level 5 in Shields
 22580 | Lair:7   | Noticed lis82's ghost (powerful DEWz)
 22599 | Lair:7   | Gained mutation: Your spells are a little harder to cast, but a little more powerful. [evolution]
 22599 | Lair:7   | Lost mutation: You evolve. [end of evolution]
 22601 | Lair:7   | Killed lis82's ghost
 22601 | Lair:7   | Received a gift from Okawaru
 22667 | Lair:7   | Received a gift from Okawaru
 22673 | Lair:7   | Identified a scroll of acquirement
 22925 | Lair:7   | Reached XP level 15. HP: 94/108 MP: 15/15
 23247 | Lair:8   | Entered Level 8 of the Lair of Beasts
 23268 | Lair:8   | Noticed Josephine
 23401 | Lair:7   | Killed Josephine
 24152 | Lair:8   | Received a gift from Okawaru
 24172 | Lair:8   | Got a jewelled morningstar {god gift}
 24176 | Lair:8   | Identified the +10 morningstar of the Wasp {vamp, Dex+4} (Okawaru gifted it to you on level 8 of the Lair of Beasts)
 24439 | Lair:8   | Got a brightly glowing golden ring
 24441 | Lair:8   | Identified the ring of Paxu {Str+3 Stlth+} (You found it on level 8 of the Lair of Beasts)
 24952 | Lair:8   | Received a gift from Okawaru
 25005 | Lair:8   | Got a scorched hat {god gift}
 25016 | Lair:8   | Identified the +2 hat of the Three Hells {*Confuse rPois rN++ Int+3} (Okawaru gifted it to you on level 8 of the Lair of Beasts)
 25175 | Lair:8   | Reached skill level 10 in Shields
 25520 | Lair:8   | Reached skill level 10 in Armour
 26391 | D:11     | Noticed asdu's ghost (experienced NaBe)
 26392 | D:11     | Found a staircase to the Orcish Mines.
 26403 | D:11     | Killed asdu's ghost
 26861 | D:12     | Noticed Harold
 26879 | D:12     | Killed Harold
 27502 | D:12     | Reached XP level 16. HP: 114/114 MP: 16/16
 28050 | D:13     | Found a viscous altar of Jiyva.
 28124 | D:13     | Annihilated by an enormous slime creature

Vault maps used:
D:1:      lightli_arrival_lavapool, nrook_mini_vaults, st_stairs_2,
          hangedman_decor_points, nrook_mini_backslash
D:2:      forest_paths
D:3:      first_bread, uniq_jessica
D:4:      grunt_temple_overflow_open
D:5:      minmay_gold_behind_fungi
D:6:      okawaru_trees_2
D:7:      grunt_temple_overflow_forces_of_nature, minmay_temple_entry_nine_rooms
D:8:      the_bakery, grunt_ministairs_1
D:9:      nicolae_ru_the_path_less_chosen, lemuel_coloured_pillars_altar,
          erik_lair_orcish_takeover, serial_shops, shop, shop, shop,
          minmay_misc_feat_ornament
D:10:     minmay_klotski, xom_shifter_show, uniq_snorg
D:11:     erik_orc_2
D:12:     uniq_harold
D:13:     jiyva_altar_1
Lair:1:   minmay_lair_oklob_tunnel, lab_entry_generic, serial_bayou_pond_e,
          grunt_forest_stairs_basic, st_stairs_13
Lair:2:   bh_autumn_forest_stairs
Lair:3:   grunt_forest_large_clearings
Lair:4:   nicolae_swamp_entry_splash_gauntlet, spider_nest_entry_rubble,
          grunt_megastairs_2, uniq_sonja
Lair:5:   grunt_megastairs_3, uniq_rupert
Lair:6:   slime_altar_1, ice2_lemuel, serial_bayou_shore_a,
          serial_bayou_shore_b, serial_bayou_shore_b, grunt_megastairs_4
Lair:7:   st_stairs_8
Lair:8:   hangedman_lair_caniforms_friends, hangedman_lair_in_review,
          eino_house_with_fridge, lemuel_fruit_fields, lemuel_fruit_tree,
          uniq_josephine
Lab:      nicolae_lab_arrow, nicolae_lab_checkerboard, nicolae_lab_blocks,
          lab_statue, nicolae_lab_garden, lab_block, lab_hedge, lab_fountain

Action                   |  1- 3 |  4- 6 |  7- 9 | 10-12 | 13-15 | 16-18 || total
-------------------------+-------+-------+-------+-------+-------+-------++-------
Melee: Flail             |   120 |   244 |   616 |   178 |       |       ||  1158
       Morningstar       |       |       |       |   967 |   761 |    79 ||  1807
       Eveningstar       |       |       |       |       |   831 |       ||   831
       Demon whip        |       |       |       |       |   266 |       ||   266
Invok: Heroism           |       |       |     4 |     9 |     9 |     1 ||    23
       Finesse           |       |       |       |     1 |       |       ||     1
 Abil: Fly               |       |       |       |       |     1 |       ||     1
Evoke: Wand              |       |       |       |       |     7 |     1 ||     8
  Use: Scroll            |     5 |     6 |    11 |    11 |    13 |     1 ||    47
       Potion            |       |     1 |     1 |     5 |     2 |       ||     9
  Eat: Chunk             |     1 |     7 |    14 |    11 |    20 |     1 ||    54
       Beef jerky        |       |       |     1 |       |       |       ||     1
       Bread ration      |       |       |       |     4 |     2 |       ||     6
       Meat ration       |       |       |       |     2 |     1 |       ||     3
       Royal jelly       |       |       |       |     1 |     5 |       ||     6
